 Dungeon Crawl Stone Soup version 0.31-a0-229-g1fc7ce93e2 (webtiles) character file.

Game seed: 6059619476111336246

135 qw the Shooter (level 5, -8/30 HPs)
             Began as a Gargoyle Hexslinger on July 6, 2023.
             Mangled by an ogre
             ... wielding a +0 giant club
              (20 damage)
             ... on level 4 of the Dungeon.
             The game lasted 00:00:54 (2814 turns).

qw the Shooter (Gargoyle Hexslinger)                Turns: 2814, Time: 00:00:55

Health: -8/30      AC: 15    Str: 11    XL:     5   Next: 18%
Magic:  6/6        EV: 10    Int: 14    God:
Gold:   186        SH:  0    Dex: 14    Spells: 5/6 levels left

rFire   . . .        Y - +1 sling
rCold   . . .        (no shield)
rNeg    + . .        k - +3 ring mail
rPois   inf          d - +1 hat
rElec   +            (no cloak)
rCorr   .            h - +0 pair of gloves
SInv    .            e - +0 pair of boots
Will    .....        j - amulet of faith
Stlth   +            (no ring)
HPRegen 0.25/turn    (no ring)
MPRegen 0.10/turn

%: faith
@: no status effects
A: sickness immunity, AC +4, negative energy resistance 1, electricity
resistance, torment resistance 1, petrification resistance
a: no special abilities


You were on level 4 of the Dungeon.
You visited 1 branch of the dungeon, and saw 4 of its levels.

You collected 186 gold pieces.


Innate Abilities, Weirdness & Mutations

You are immune to sickness and miasma.
Your stone body is resilient. (AC +4)
You are immune to poison.
You resist negative energy. (rN+)
You are resistant to electric shocks. (rElec)
You are resistant to unholy torment.
You are immune to petrification.


   Skills:
 - Level 2.1 Fighting
 + Level 4.4 Ranged Weapons
 - Level 1.7 Armour
 - Level 1.5 Dodging
 - Level 1.0 Spellcasting
 - Level 2.6 Hexes


You had 5 spell levels left.
You knew the following spells:

 Your Spells              Type           Power      Damage    Failure   Level
a - Slow                  Hex            32%        N/A       21%         1

Your spell library contained the following spells:

 Spells                   Type           Power      Damage    Failure   Level
 Inner Flame              Hex/Fire       4%         N/A       71%         3
 Portal Projectile        Hex/Tloc       8%         N/A       71%         3
 Cause Fear               Hex            4%         N/A       90%         4

Inventory:

Hand Weapons
 Y - a +1 sling (weapon)
Armour
 d - a +1 hat (worn)
 e - a +0 pair of boots (worn)
 h - a +0 pair of gloves (worn)
 k - a +3 ring mail (worn)
Jewellery
 j - an amulet of faith (around neck)
Scrolls
 b - a scroll of silence {unknown}
 g - a scroll of identify
Potions
 a - 2 potions of heal wounds
 f - a potion of brilliance {unknown}

Dungeon Overview and Level Annotations

Branches:
Dungeon (4/15)
 Temple: D:4-7

Altars:
Yredelemnul


Message History

The adder bites you.
You shoot a sling bullet.
The sling bullet closely misses the adder.
The adder bites you but does no damage. The adder closely misses you.
You shoot a sling bullet. The sling bullet hits the adder.
The adder is severely wounded.
The adder closely misses you. The adder bites you but does no damage.
You shoot a sling bullet.
The sling bullet barely misses the adder.
The adder closely misses you.
You shoot a sling bullet. The sling bullet hits the adder.
The adder is almost dead.
The adder barely misses you. The adder bites you but does no damage.
You shoot a sling bullet. The sling bullet hits the adder.
You kill the adder!
You start resting.
HP restored.
An ogre comes into view. It is wielding a +0 giant club.
Enter note:
Enter note:
Enter note:
Enter note:
Enter note:
Enter note: You shoot a sling bullet.
The sling bullet hits the ogre!
The ogre is moderately wounded.
You shoot a sling bullet.
The sling bullet closely misses the ogre.
You shoot a sling bullet.
The sling bullet barely misses the ogre.
You shoot a sling bullet.
The sling bullet hits the ogre but does no damage.
The ogre is moderately wounded.
The ogre hits you with a +0 giant club!!
Ouch! That really hurt!
You shoot a sling bullet. The sling bullet hits the ogre.
The ogre is moderately wounded.
The ogre hits you with a +0 giant club!!
Ouch! That really hurt!
You die...

.....#####.##....... #.##..##.##
.....#...#..'.>.......#.....#....
.....+...#..#.........#.....#....
......####..#.........#..##.###'#
........##..#.........#####.##...
.#####......#.........#...'..#...
.#...#......#.........#...#..#...
.'.8.+.######....O....#...#..'...
.#...#..........@.....########...
.#####.........................##
...............................'.
....+..........................#.
##..#^.........................##
##..###########+########.....####
..................#....#.....#...
..................#....#.....#...
##+####...#.##...##....#.....#...


You could see an ogre.

Vanquished Creatures
  An iguana (D:4)
  4 gnolls (D:3)
  4 adders
  4 endoplasms
  A giant cockroach (D:3)
  3 goblins
  4 jackals (D:3)
  7 quokkas
  2 ball pythons (D:1)
  A bat (D:2)
  2 frilled lizards
  2 kobolds
  3 rats
38 creatures vanquished.

Notes
Turn   | Place    | Note
-------+----------+-------------------------------------------
     0 | D:1      | qw the Gargoyle Hexslinger began the quest for the Orb.
     0 | D:1      | Reached XP level 1. HP: 12/12 MP: 2/2
     0 | D:1      | 0 ||| qw: Version: 0.3-a-46-gb1f654a
     0 | D:1      | 0 ||| qw: Game counter: 1310
     0 | D:1      | 0 ||| qw: Melee chars always use a shield: true
     0 | D:1      | 0 ||| qw: God list: Okawaru
     0 | D:1      | 0 ||| qw: Allow faded altars: false
     0 | D:1      | 0 ||| qw: Do Orc after clearing Dungeon:15 true
     0 | D:1      | 0 ||| qw: Do second Lair branch before Depths: true
     0 | D:1      | 0 ||| qw: Lair rune preference: random
     0 | D:1      | 0 ||| qw: Goals: Normal
     0 | D:1      | 0 ||| PLANNING D:1-11
   243 | D:1      | Reached XP level 2. HP: 16/16 MP: 3/3
   249 | D:1      | Found a faded altar of an unknown god.
   772 | D:1      | 772 ||| UPGRADING to +0 pair of boots.
   777 | D:1      | 777 ||| UPGRADING to +0 pair of gloves.
   782 | D:1      | 782 ||| READING scroll labelled KYC SO GIROXI.
   793 | D:1      | 793 ||| READING scroll labelled DEAGEAMIERCH.
   794 | D:1      | 794 ||| READING 5 scrolls labelled MYODE QUON.
   795 | D:1      | 795 ||| DROPPING scroll of poison.
   801 | D:2      | Reached skill level 3 in Ranged Weapons
  1401 | D:2      | 1401 ||| UPGRADING to +1 hat.
  1406 | D:2      | 1406 ||| UPGRADING to amulet of faith.
  1411 | D:2      | 1411 ||| READING 2 scrolls labelled ZUEXTATZO MYCW.
  1412 | D:2      | 1412 ||| READING scroll labelled PUUHOU AGRAJUE.
  1413 | D:2      | 1413 ||| READING scroll labelled POSUKHLAUTEE.
  1418 | D:2      | 1418 ||| DRINKING 3 smoky puce potions.
  1463 | D:2      | 1463 ||| DRINKING 2 dark potions.
  1568 | D:2      | 1568 ||| READING 4 scrolls of identify.
  1568 | D:2      | 1568 ||| IDENTIFYING green potion
  1569 | D:2      | 1569 ||| READING 3 scrolls of identify.
  1569 | D:2      | 1569 ||| IDENTIFYING golden potion
  1570 | D:2      | 1570 ||| READING 2 scrolls of identify.
  1570 | D:2      | 1570 ||| IDENTIFYING sedimented red potion
  1571 | D:2      | 1571 ||| DROPPING scroll of immolation.
  1572 | D:2      | 1572 ||| DROPPING 2 potions of lignification.
  1573 | D:2      | 1573 ||| DROPPING potion of degeneration.
  1574 | D:2      | 1574 ||| DROPPING potion of berserk rage.
  1575 | D:2      | 1575 ||| DROPPING potion of magic.
  1643 | D:3      | Reached XP level 3. HP: 19/21 MP: 4/4
  2109 | D:3      | Reached XP level 4. HP: 26/26 MP: 5/5
  2244 | D:3      | Reached skill level 4 in Ranged Weapons
  2244 | D:3      | 2244 ||| FLEEEEING.
  2245 | D:3      | 2245 ||| FLEEEEING.
  2246 | D:3      | 2246 ||| FLEEEEING.
  2247 | D:3      | 2247 ||| FLEEEEING.
  2248 | D:3      | 2248 ||| FLEEEEING.
  2249 | D:3      | 2249 ||| FLEEEEING.
  2250 | D:3      | 2250 ||| FLEEEEING.
  2251 | D:3      | 2251 ||| FLEEEEING.
  2426 | D:3      | 2426 ||| UPGRADING to +3 ring mail.
  2436 | D:3      | 2436 ||| DROPPING +0 robe.
  2437 | D:3      | 2437 ||| READING scroll labelled OQOTOO XUTOFIE.
  2438 | D:3      | 2438 ||| READING 2 scrolls labelled LAULITZO DUDDYR.
  2439 | D:3      | 2439 ||| DROPPING scroll of noise.
  2684 | D:4      | Found a basalt altar of Yredelemnul.
  2728 | D:4      | Reached skill level 1 in Armour
  2728 | D:4      | Reached XP level 5. HP: 19/30 MP: 6/6
  2809 | D:4      | Noticed an ogre
  2814 | D:4      | Mangled by an ogre

Levels and vault maps discovered:
D:1:      dpeg_arrival_rhombus, layout_basic, basic_ecumenical_altar,
          corexii_hall_statues_l, minmay_misc_feat_rows
D:2:      layout_basic
D:3:      layout_basic, kennysheep_donut
D:4:      layout_gridville, lemuel_coloured_pillars_altar,
          nicolae_sif_muna_little_library, minmay_misc_feat_room,
          minmay_ogre_servants

Skill      XL: |  1  2  3  4 |
---------------+-------------+-----
Ranged Weapons | 3 4 |  4.4
Fighting       | 2 |  2.1
Armour         | 1 |  1.7
Dodging        | |  1.5
Spellcasting   | |  1.0
Hexes          | |  2.6

Action                     |  1- 3 |  4- 6 || total
---------------------------+-------+-------++-------
   Fire: Sling             |   127 |    61 ||   188
    Use: Scroll            |     9 |     2 ||    11
         Potion            |     2 |       ||     2
 Armour: Robe              |    27 |       ||    27
         Ring mail         |       |     6 ||     6
  Dodge: Dodged            |    61 |    26 ||    87

Table legend:
 A = Non-vault XP
 B = Vault XP
 C = Vault XP percentage of total XP
 D = Non-vault monster count
 E = Vault monster count
 F = Vault count percentage of total count
                 A         B        C        D         E       F
            +---------+---------+-------+---------+---------+-------
      Total |     193 |       0 |   0.0 |      38 |       0 |   0.0
            +---------+---------+-------+---------+---------+-------
        D:1 |      18 |       0 |   0.0 |      11 |       0 |   0.0
        D:2 |       7 |       0 |   0.0 |       5 |       0 |   0.0
        D:3 |     113 |       0 |   0.0 |      17 |       0 |   0.0
        D:4 |      55 |       0 |   0.0 |       5 |       0 |   0.0
            +---------+---------+-------+---------+---------+-------
